 Dungeon Crawl Stone Soup version 0.31-a0-965-g8a8ce12e04 (webtiles) character file.

Game seed: 8498039605795461803

2100 Sanktem7 the Cleaver (level 9, -2/79 HPs)
             Began as a Minotaur Fighter on Oct 27, 2023.
             Was a Believer of Okawaru.
             Slain by a boulder beetle (25 damage)
             ... on level 5 of the Dungeon.
             The game lasted 00:10:19 (5679 turns).

Sanktem7 the Cleaver (Minotaur Fighter)             Turns: 5679, Time: 00:10:20

Health: -2/79      AC: 13    Str: 25    XL:     9   Next: 7%
Magic:  8/8        EV:  8    Int:  5    God:    Okawaru [**....]
Gold:   378        SH:  5    Dex: 10    Spells: 8/8 levels left

rFire   . . .        a - +0 war axe {axe}
rCold   . . .        c - +0 buckler
rNeg    . . .        r - +0 chain mail
rPois   .            (helmet restricted)
rElec   .            A - +2 cloak
rCorr   .            (no gloves)
SInv    .            (no boots)
Will    .....        E - amulet of regeneration {@e2} Stlth
                     (no ring)
HPRegen 1.13/turn    (no ring)
MPRegen 0.11/turn

%: no passive effects
@: no status effects
A: horns 2, retaliatory headbutt
a: Renounce Religion, Heroism


You were on level 5 of the Dungeon.
You worshipped Okawaru.
Okawaru was pleased with you.
You visited 2 branches of the dungeon, and saw 7 of its levels.

You collected 378 gold pieces.


Innate Abilities, Weirdness & Mutations

You have a pair of horns on your head.
You reflexively headbutt those who attack you in melee.


   Skills:
 + Level 7.0 Fighting
 * Level 8.7 Axes
 + Level 4.5 Throwing
 + Level 6.8 Armour
 + Level 6.7 Shields


You had 8 spell levels left.
You didn't know any spells.
Your spell library contained the following spells:

 Spells                   Type           Power      Damage    Failure   Level
 Apportation              Tloc           0%         N/A       96%         1
 Necrotise                Necr           0%         1d4       96%         1
 Wereblood                Tmut           0%         N/A       99%         2
 Anguish                  Hex/Necr       0%         N/A       100%        4
 Cause Fear               Hex            0%         N/A       100%        4
 Passage of Golubria      Tloc           0%         N/A       100%        4
 Irradiate                Conj/Tmut      0%         3d11      100%        5
 Yara's Violent Unravell  Hex/Tmut       0%         3d3       100%        5
 Enfeeble                 Hex            0%         N/A       100%        7
 Summon Small Mammal      Summ           Unusable   N/A       N/A         1
 Tukima's Dance           Hex            Unusable   N/A       N/A         3

Inventory:

Hand Weapons
 a - a +0 war axe (weapon) {axe}
 q - a +2 heavy flail {mace}
   (You took it off Edmund on level 6 of the Dungeon)
 I - a -1 mace of protection {mace}
   (You found it on level 5 of the Dungeon)
Missiles
 m - 54 stones {throwing}
 o - 2 throwing nets {=f!fthrowing}
 s - 13 poisoned darts {throwing}
 u - 4 javelins {throwing}
 x - a boomerang {throwing}
Armour
 c - a +0 buckler (worn)
 r - a +0 chain mail (worn)
   (You found it on level 6 of the Dungeon)
 A - a +2 cloak (worn)
   (You took it off Crazy Yiuf on level 3 of the Dungeon)
Jewellery
 E - an amulet of regeneration (around neck) {@e2}
   (You found it on level 5 of the Dungeon)
Scrolls
 b - a scroll of identify {@r1}
 i - a scroll of vulnerability {unknown}
 k - a scroll of enchant armour
 n - a scroll of fear
 B - a scroll of fog
Potions
 d - 2 potions of might
 e - 2 potions of curing {@q1}
 f - a potion of berserk rage {unknown}
 g - 3 potions of heal wounds {@q2}
 h - 2 potions of attraction {unknown}
 j - 2 potions of brilliance {unknown}
 l - a potion of mutation {unknown}
 p - 3 potions of degeneration {unknown}
 t - a potion of enlightenment {unknown}
 v - 4 potions of lignification {unknown}
 w - a potion of haste {unknown}
 D - 2 potions of magic {unknown}

Dungeon Overview and Level Annotations

Branches:
Dungeon (6/15) Zot: 26097  Temple (1/1) D:4 Zot: 5887

Altars:
Ashenzari
Cheibriados
Dithmenos
Elyvilon
Hepliaklqana
Kikubaaqudgha
Nemelex Xobeh
Okawaru
Qazlal
Ru
Trog
Uskayaw
Vehumet
Xom

Shops:
D:4

: #.##
##.###.###......
##.###...........#.##
###>..######.....#.##
#......#####..<....##
#.##.#.#####.....####
#°##....# #.....#
#○####..# #######
#°####..# #.○B@...#
#######.#############
#..............
###########.### #.# #
#.### #.... #####


You could see a boulder beetle (rolling).


Message History

😨 HP[+1] 😨 HP[+2]
You regained 2 hp, and now have 30/79 hp.
The boulder beetle curls into a ball and begins rolling! 😨 HP[+1] 😨 HP[+1] 😨 HP[+1]
There is an escape hatch in the ceiling here. 😨 HP[+1]
The boulder beetle hits you!!
* * * LOW HITPOINT WARNING * * *
The boulder beetle stops rolling and uncurls.
A mysterious force pulls you upwards.
The hatch slams shut behind you. 😱 HP[-23]
You take 23 damage, and now have 11/79 hp.
MASSIVE DAMAGE!! (PAUSE)
You feel much better.
The boulder beetle bites you but does no damage. 😨 HP[+26]
You regained 26 hp, and now have 37/79 hp.
You slash the boulder beetle!
The boulder beetle leaps! 😨 HP[+1] 😨 HP[+1] 😮 HP[+2]
You regained 2 hp, and now have 41/79 hp. 😮 HP[+1] 😮 HP[+1] 😮 HP[+1] 😮 HP[+1] 😮 HP[+1] 😮 HP[+1] 😮 HP[+2]
You regained 2 hp, and now have 49/79 hp. 😮 HP[+1] 😮 HP[+1] 😮 HP[+1] 😮 HP[+1] 😮 HP[+1] 😮 HP[+1]
The boulder beetle leaps! 😮 HP[+1] 😮 HP[+2]
You regained 2 hp, and now have 58/79 hp. 😮 HP[+1]
You hit the boulder beetle. The boulder beetle closely misses you.
You furiously retaliate!
You headbutt the boulder beetle! 😕 HP[+1]
You hit the boulder beetle but do no damage.
The boulder beetle bites you!! 😮 HP[-18]
You take 18 damage, and now have 42/79 hp.
MASSIVE DAMAGE!! (PAUSE)
You hit the boulder beetle but do no damage.
The boulder beetle bites you!
* * * LOW HITPOINT WARNING * * *
😨 HP[-7]
You take 7 damage, and now have 35/79 hp.
You hit the boulder beetle.
You headbutt the boulder beetle, but do no damage.
You block the boulder beetle's attack. 😨 HP[+2]
You regained 2 hp, and now have 37/79 hp.
You hit the boulder beetle but do no damage.
The boulder beetle bites you!
* * * LOW HITPOINT WARNING * * *
The boulder beetle bites you!
* * * LOW HITPOINT WARNING * * *
😱 HP[-21]
You take 21 damage, and now have 16/79 hp.
MASSIVE DAMAGE!! (PAUSE)
The boulder beetle bites you but does no damage. 😱 HP[+1]
The boulder beetle curls into a ball and begins rolling! 😱 HP[+1] 😱 HP[+1] 😨 HP[+1]
The boulder beetle hits you but does no damage.
The boulder beetle stops rolling and uncurls. 😨 HP[+2]
You regained 2 hp, and now have 22/79 hp.
The boulder beetle attacks as it pursues you!
The boulder beetle bites you but does no damage. 😨 HP[+1]
The boulder beetle attacks as it pursues you!
You block the boulder beetle's attack. 😨 HP[+1]
The boulder beetle attacks as it pursues you!
The boulder beetle bites you!
* * * LOW HITPOINT WARNING * * *
😱 HP[-8]
You take 8 damage, and now have 16/79 hp. 😱 HP[+1] 😱 HP[+1]
The boulder beetle curls into a ball and begins rolling! 😱 HP[+1] 😨 HP[+1] 😨 HP[+2]
You regained 2 hp, and now have 22/79 hp.
The boulder beetle hits you!!
You die...

Skill      XL: |  1  2  3  4  5  6  7  8  9 |
---------------+----------------------------+-----
Axes           | 3 4 5 7 8 |  8.7
Fighting       | 4 5 6 7 |  7.0
Armour         | 4 5 6 |  6.8
Shields        | 4 5 6 |  6.7
Throwing       | 1 2 3 4 |  4.5

Action                     |  1- 3 |  4- 6 |  7- 9 || total
---------------------------+-------+-------+-------++-------
  Melee: War axe           |    70 |   118 |   199 ||   387
         Headbutt          |     7 |    15 |    30 ||    52
    Use: Scroll            |       |       |    15 ||    15
         Potion            |       |       |     1 ||     1
 Armour: Scale mail        |    46 |   118 |   139 ||   303
         Chain mail        |       |       |    28 ||    28
  Dodge: Dodged            |    27 |    58 |    86 ||   171
  Block: Buckler           |    15 |    30 |    44 ||    89

Levels and vault maps discovered:
D:1:      sevenhm_arrival_forest_fort_large_2, layout_basic, due_unseen_surprise
D:2:      layout_loops_ring, basic_altar
D:3:      layout_loops_cross, uniq_crazy_yiuf_cottage
D:4:      layout_rooms, minmay_temple_entry_grid, serial_shops, shop,
          uniq_natasha
D:5:      old_forge, layout_loops_cross, kennysheep_vampire_church,
          kennysheep_mini_moat
D:6:      minmay_chambers_of_sixes, layout_cave_pools, serial_rivers,
          chequers_serial_rivers_small_b, chequers_serial_rivers_micro_b,
          chequers_serial_rivers_room_b, chequers_serial_rivers_room_b,
          bh_walls_and_bars, uniq_edmund, uniq_blork_the_orc
Temple:   grunt_temple_mini_profane

Notes
Turn   | Place    | Note
-------+----------+-------------------------------------------
     0 | D:1      | Sanktem7 the Minotaur Fighter began the quest for the Orb.
     0 | D:1      | Reached XP level 1. HP: 19/19 MP: 0/0
     0 | D:1      | magus.rc [v1.9.6]
   201 | D:1      | You pick up a book of Hexes and begin reading...
   201 | D:1      | You add the spells Anguish, Cause Fear and Enfeeble to your
                  | library.
   209 | D:1      | Reached XP level 2. HP: 27/27 MP: 1/1
   263 | D:1      | Reached skill level 3 in Axes
  1204 | D:2      | Reached skill level 4 in Fighting
  1204 | D:2      | Reached skill level 4 in Armour
  1216 | D:2      | Reached XP level 3. HP: 33/33 MP: 2/2
  1323 | D:2      | Reached skill level 4 in Shields
  1327 | D:2      | Reached XP level 4. HP: 40/40 MP: 3/3
  1456 | D:2      | Reached skill level 4 in Axes
  1456 | D:2      | Reached skill level 1 in Throwing
  1477 | D:2      | Found a radiant altar of Vehumet.
  2104 | D:3      | Reached XP level 5. HP: 26/47 MP: 4/4
  2247 | D:3      | You pick up a book of Cantrips and begin reading...
  2247 | D:3      | You add the spells Necrotise, Summon Small Mammal and
                  | Apportation to your library.
  2477 | D:3      | Found a runed translucent door.
  2478 | D:3      | Noticed Crazy Yiuf
  2759 | D:3      | Killed Crazy Yiuf
  2794 | D:4      | Noticed a black bear
  2805 | D:4      | Killed a black bear
  2806 | D:4      | Reached skill level 5 in Axes
  2806 | D:4      | Reached XP level 6. HP: 34/55 MP: 5/5
  2828 | D:4      | Reached skill level 2 in Throwing
  2917 | D:4      | Noticed Natasha
  2924 | D:4      | Reached skill level 5 in Fighting
  2926 | D:4      | Killed Natasha
  2990 | D:4      | Noticed Natasha
  2997 | D:4      | Killed Natasha
  2998 | D:4      | Reached skill level 5 in Armour
  3007 | D:3      | Reached skill level 5 in Shields
  3099 | D:4      | HP: 14/56 [gnoll/+0 whip[a gnoll bouda] (5)]
  3106 | D:3      | Reached XP level 7. HP: 9/61 MP: 6/6
  3360 | D:4      | Found a staircase to the Ecumenical Temple.
  3372 | D:4      | Reached skill level 6 in Axes
  3451 | D:4      | Found Ruemiom's Book Shop.
  3458 | Temple   | Entered the Ecumenical Temple
  3556 | Temple   | Became a worshipper of Warmaster Okawaru
  3602 | D:4      | Noticed Natasha
  3610 | D:4      | Killed Natasha
  3767 | D:4      | You pick up a book of Changes and begin reading...
  3767 | D:4      | You add the spells Wereblood and Irradiate to your library.
  3875 | D:5      | Entered Level 5 of the Dungeon
  4085 | D:5      | Reached skill level 3 in Throwing
  4099 | D:5      | Found an ancient bone altar of Kikubaaqudgha.
  4317 | D:5      | You add the spells Passage of Golubria and Yara's Violent
                  | Unravelling to your library.
  4341 | D:5      | Found a shimmering altar of Xom.
  4465 | D:5      | Reached * piety under Okawaru
  4466 | D:5      | Reached skill level 7 in Axes
  4466 | D:5      | Reached XP level 8. HP: 58/70 MP: 7/7
  4492 | D:5      | Found the +11 Singing Sword {sonic wave}
  4534 | D:5      | Reached skill level 6 in Fighting
  4677 | D:5      | Reached skill level 6 in Armour
  4808 | D:6      | Noticed Blork the orc
  4821 | D:6      | Reached skill level 6 in Shields
  4823 | D:6      | Killed Blork the orc
  4959 | D:6      | Reached skill level 8 in Axes
  4959 | D:6      | Reached skill level 4 in Throwing
  5052 | D:6      | Reached ** piety under Okawaru
  5089 | D:6      | Noticed a boulder beetle
  5112 | D:6      | Noticed a boulder beetle
  5281 | D:6      | Noticed Edmund
  5288 | D:6      | Killed Edmund
  5414 | D:6      | Reached XP level 9. HP: 72/78 MP: 8/8
  5445 | D:6      | Reached skill level 7 in Fighting
  5612 | D:6      | Noticed a manticore
  5639 | D:6      | HP: 10/79 [boulder beetle (25)]
  5665 | D:5      | HP: 16/79 [boulder beetle (7)]
  5673 | D:5      | HP: 16/79 [boulder beetle (9)]
  5679 | D:5      | Slain by a boulder beetle

Vanquished Creatures
  Edmund (D:6)
  A water moccasin (D:6)
  2 ice beasts
  A black bear (D:4)
  A sky beast (D:6)
  2 ogres
  Blork the orc (D:6)
  A kobold brigand (D:6)
  2 bullfrogs (D:6)
  6 scorpions
  2 vampire bats (D:5)
  2 jellies
  3 hounds
  A gnoll bouda (D:3)
  Crazy Yiuf (D:3)
  2 iguanas
  Natasha (thrice) (D:4)
  An orc wizard (D:6)
  10 gnolls
  8 adders
  A shadow imp (D:5)
  3 worms
  3 dart slugs
  6 orcs
  4 ball pythons
  3 bat skeletons (D:5)
  4 bat zombies (D:5)
  5 endoplasms
  3 giant cockroaches
  9 goblins
  6 hobgoblins
  6 quokkas
  9 bats
  4 frilled lizards
  12 kobolds
  9 rats
138 creatures vanquished.

Table legend:
 A = Non-vault XP
 B = Vault XP
 C = Vault XP percentage of total XP
 D = Non-vault monster count
 E = Vault monster count
 F = Vault count percentage of total count
                 A         B        C        D         E       F
            +---------+---------+-------+---------+---------+-------
      Total |    2083 |     917 |  30.6 |     112 |      26 |  18.8
            +---------+---------+-------+---------+---------+-------
        D:1 |      34 |       0 |   0.0 |      21 |       0 |   0.0
        D:2 |     133 |       0 |   0.0 |      26 |       0 |   0.0
        D:3 |     127 |      40 |  24.0 |      17 |       1 |   5.6
        D:4 |     524 |      35 |   6.3 |      22 |       1 |   4.3
        D:5 |     484 |     417 |  46.3 |      10 |      19 |  65.5
        D:6 |     781 |     425 |  35.2 |      16 |       5 |  23.8
            +---------+---------+-------+---------+---------+-------

Skill      XL: |  1  2  3  4  5  6  7  8  9 |
---------------+----------------------------+-----
Axes           | 3 4 5 7 8 |  8.7
Fighting       | 4 5 6 7 |  7.0
Armour         | 4 5 6 |  6.8
Shields        | 4 5 6 |  6.7
Throwing       | 1 2 3 4 |  4.5

Action                     |  1- 3 |  4- 6 |  7- 9 || total
---------------------------+-------+-------+-------++-------
  Melee: War axe           |    70 |   118 |   199 ||   387
         Headbutt          |     7 |    15 |    30 ||    52
    Use: Scroll            |       |       |    15 ||    15
         Potion            |       |       |     1 ||     1
 Armour: Scale mail        |    46 |   118 |   139 ||   303
         Chain mail        |       |       |    28 ||    28
  Dodge: Dodged            |    27 |    58 |    86 ||   171
  Block: Buckler           |    15 |    30 |    44 ||    89

Illustrated notes

Table legend:
 A = Kills in this place as a percentage of kills in the entire game.
 B = Kills by you in this place as a percentage of kills by you in the entire game.
 C = Kills by friends in this place as a percentage of kills by friends in the entire game.
 D = Other kills in this place as a percentage of other kills in the entire game.
 E = Experience gained in this place as a percentage of experience gained in the entire game.
 F = Experience gained in this place divided by the number of levels of this place that you have seen.
                   A       B       C       D       E      F
               +-------+-------+-------+-------+-------+----------------------
         Total | 100.0 | 100.0 |   N/A |   N/A | 100.0 | 428.6
       Dungeon | 100.0 | 100.0 |   N/A |   N/A | 100.0 | 500.0
               +-------+-------+-------+-------+-------+----------------------

Table legend: (Time is in decaauts)
 A = Elapsed time spent in this place.
 B = Non-inter-level travel time spent in this place.
 C = Inter-level travel time spent in this place.
 D = Time resting spent in this place.
 E = Time spent auto-exploring this place.
 F = Levels seen in this place.
 G = Mean time per level.
                   A        B        C        D        E       F      G
               +--------+--------+--------+--------+--------+-----+--------+
         Total |   5791 |   5606 |    185 |    271 |   4209 |   7 |  827.3 |
       Dungeon |   5678 |   5497 |    181 |    271 |   4209 |   6 |  946.3 |
        Temple |    112 |    108 |      4 |      0 |      0 |   1 |  112.0 |
               +--------+--------+--------+--------+--------+-----+--------+

Top non-repeatable levels by time:
     D:3: 1215 daAuts
     D:1: 1093 daAuts
     D:5: 1008 daAuts
     D:6: 833 daAuts
     D:2: 797 daAuts
     D:4: 729 daAuts
  Temple: 112 daAuts
